Map: Dead of Night

Players

NamroodTuo

  • Race: Zerg Zerg

legolasvskil

  • Race: Zerg Zerg
  • Spawn Location: 0:00

VOD

Have the link to the VOD?

Description

Time

  • Played on: June 15, 2023, 11:19 a.m.
  • Length: 31:46
Show
View Real Time Build Order
Export as new Build Order

NamroodTuo Zerg 

Build Orders:  

Get SALT Encoding   

  12  0:06  Infested SCV  
  13  0:13  Infested SCV  
  14  0:36  Infested Barracks  
  14  0:42  Overlord  
  14  0:48  Infested SCV  
  15  1:09  Infested SCV  
  16  1:21  Infested SCV  
  16  1:26  Infested SCV  
  18  1:32  Infested SCV  
  18  1:39  Infestation Level 1  
  19  1:42  Overlord  
  19  1:56  Infested Refinery  
  19  2:00  Infested SCV  
  20  2:16  Infested SCV  
  21  2:32  Infested SCV  
  22  2:50  Infested Refinery  
  22  2:57  Infested Bunker  
  26  3:05  Infested Barracks Tech Lab  
  26  3:27  Overlord  
  26  3:34  Infested Bunker  
  30  3:40  Infested Marine  
  30  3:46  Anaerobic Enhancement  
  31  3:54  Infested SCV  
  32  4:07  Infested Marine x3  
  35  4:15  Infested Refinery  
  35  4:18  Infested SCV x3  
  35  4:19  Overlord  
  38  4:30  Infested Engineering Bay  
  38  4:35  Infested Marine  
  39  4:43  Overlord  
  38  5:07  Infested SCV  
  39  5:12  Infestation Level 2  
  35  5:42  Infested SCV  
  35  5:46  Infested SCV  
  37  5:52  Infested SCV  
  38  6:28  Infested SCV x2  
  38  6:29  Infested SCV  
  41  6:30  Infested Factory  
  41  6:37  Infested Missile Turret  
  41  6:44  Infested SCV  
  41  6:45  Infested SCV  
  41  6:48  Stukov Infantry Weapons Level 1  
  43  7:01  Retinal Augmentation  
  47  7:11  Infested Bunker  
  47  7:12  Broodling Gestation  
  47  7:13  Infested SCV  
  48  7:26  Infested SCV  
  49  7:30  Infested SCV  
  49  7:35  Overseer x3  
  54  8:00  Infested Bunker  
  54  8:04  Infested SCV  
  55  8:34  Overlord x3  
  55  8:54  Overlord  
  59  9:13  Infested Bunker  
  59  9:14  Infested Bunker  
  63  9:37  Plagued Munitions  
  63  9:41  Stukov Infantry Weapons Level 2  
  63  9:45  Infested SCV x3  
  66  9:54  Infested Armory  
  66  10:08  Infested Factory Tech Lab  
  66  11:10  Infestation Level 3  
  66  11:16  Infested Siege Tank x4  
  78  11:48  Infested Siege Tank  
  78  11:49  Infested Bunker  
  85  12:27  Overlord x2  
  85  12:28  Overlord x3  
  85  12:29  Aggressive Incubation  
  85  12:51  Regenerative Plating  
  89  13:00  Infested Bunker  
  86  13:13  Infested Siege Tank  
  81  13:29  Infested Missile Turret  
  81  13:51  Stukov Infantry Armor Level 1  
  81  14:00  Infested Missile Turret  
  81  14:15  Infested Siege Tank x4  
  93  14:22  Overlord  
  93  14:36  Infested SCV x2  
  93  14:39  Automated Mitosis  
  95  14:44  Stukov Vehicle and Ship Armor Level 1  
  92  15:33  Infested Missile Turret  
  92  15:49  Infested Marine  
  93  15:50  Infested Marine x19  
  93  15:54  Overlord x2  
  93  15:55  Overlord x2  
  112  16:08  Infested Bunker  
  116  16:31  Calcified Armor  
  102  16:50  Infested Marine x5  
  102  16:51  Infested Marine x7  
  102  16:56  Unknown  
  108  17:08  Infested Siege Tank x2  
  108  17:09  Infested Siege Tank x2  
  120  17:10  Infested Barracks  
  120  17:24  Stukov Vehicle and Ship Weapons Level 1  
  120  17:31  Stukov Infantry Weapons Level 3  
  114  18:29  Infested Marine  
  115  18:30  Infested Marine x14  
  115  18:31  Infested Marine x5  
  133  19:04  Infested Bunker  
  133  19:06  Infested Bunker  
  133  19:29  Infested Siege Tank x3  
  142  19:33  Overlord x3  
  142  19:34  Overlord  
  146  20:04  Stukov Vehicle and Ship Armor Level 2  
  146  20:11  Infested Bunker  
  146  20:25  Infested Bunker  
  130  20:35  Infested SCV x3  
  130  21:11  Stukov Infantry Armor Level 2  
  130  22:44  Infested Marine  
  130  22:45  Infested Marine x10  
  141  22:50  Infested Marine  
  141  22:51  Infested Marine x7  
  141  22:52  Infested Marine x21  
  141  22:53  Infested Marine  
  171  23:14  Stukov Vehicle and Ship Weapons Level 2  
  171  23:28  Overlord x4  
  171  23:30  Overseer  
  171  23:31  Overseer x4  
  171  23:46  Infested Siege Tank  
  174  23:51  Overlord x2  
  124  25:14  Infested Siege Tank x3  
  136  25:31  Infested Bunker  
  136  25:39  Infested Marine  
  141  25:40  Infested Marine x5  
  141  25:41  Infested Marine x8  
  141  25:47  Infested Bunker  
  142  26:21  Infested Marine x4  
  142  26:22  Infested Marine x16  
  142  26:24  Stukov Vehicle and Ship Armor Level 3  
  162  26:43  Infested Marine  
  162  26:44  Infested Marine x8  
  162  26:45  Infested Marine x14  
  185  27:02  Infested Bunker  
  193  27:15  Infested Bunker  
  197  27:28  Infested Marine  
  197  27:29  Infested Marine x2  
  186  28:05  Infested Bunker  
  182  28:17  Infested Bunker  
  141  29:10  Infested Bunker  
  139  29:52  Infested Marine  
  139  29:53  Infested Marine x16  
  139  29:54  Infested Marine x16  
  139  29:55  Infested Marine x4  
  172  30:15  Infested Missile Turret  
  180  30:36  Infested Marine x3  
  180  30:37  Infested Marine x17  
  200  30:42  Infested Bunker  
  180  31:30  Infested Missile Turret  
Show
View Real Time Build Order
Export as new Build Order

legolasvskil Zerg 

Build Orders:  

Get SALT Encoding   

  12  0:11  Drone  
  13  0:23  Drone  
  13  0:26  Overlord  
  14  0:51  Extractor  
  14  0:54  Drone x2  
  14  0:55  Drone  
  16  1:03  Drone  
  17  1:31  Spawning Pool  
  16  2:12  Drone x2  
  16  2:13  Drone x2  
  16  2:18  Lair  
  20  2:20  Drone  
  21  2:34  Overlord  
  21  2:50  Evolution Chamber  
  20  3:09  Overlord x2  
  20  3:28  Queen  
  22  3:31  Drone  
  23  4:41  Zergling x4  
  23  4:42  Zergling x6  
  28  4:57  Spire  
  27  5:05  Drone  
  27  5:06  Drone  
  26  5:28  Zergling x2  
  25  5:40  Extractor  
  24  6:07  Zergling x2  
  24  6:08  Zergling x4  
  26  6:15  Spine Crawler  
  20  7:13  Drone x2  
  20  7:14  Drone  
  23  7:37  Drone  
  23  7:38  Drone x2  
  26  8:23  Extractor  
  26  8:28  Hive  
  25  8:33  Unknown, Zerg Flyer Weapons Level 1  
  22  9:02  Drone x3  
  22  9:03  Drone  
  26  9:31  Mutalisk x3  
  32  9:53  Ultralisk Cavern  
  32  9:58  Zergling x4  
  32  11:04  Mutalisk x3  
  32  11:05  Mutalisk x2  
  42  11:15  Zerg Flyer Armor Level 1  
  41  11:32  Overseer  
  41  11:35  Overlord x2  
  41  11:46  Queen  
  41  11:48  Drone  
  44  11:55  Hardened Carapace  
  44  12:16  Chain Reaction  
  44  13:08  Spine Crawler  
  43  13:50  Mutalisk  
  43  13:51  Mutalisk x4  
  51  14:21  Zerg Melee Weapons Level 1  
  37  16:58  Mutalisk  
  37  16:59  Mutalisk x5  
  47  17:01  Zerg Ground Armor Level 1  
  47  17:03  Zerg Flyer Weapons Level 2  
  45  19:24  Mutalisk x3  
  45  19:25  Mutalisk x3  
  55  20:13  Zerg Flyer Armor Level 2  
  49  20:31  Mutalisk  
  49  20:32  Mutalisk x3  
  47  21:31  Mutalisk x3  
  47  21:32  Mutalisk  
  47  21:34  Zergling x4  
  47  21:35  Zergling x2  
  58  21:56  Overlord x2  
  49  23:23  Zerg Flyer Weapons Level 3  
  45  23:57  Mutalisk x3  
  45  23:58  Mutalisk x3  
  43  25:36  Mutalisk  
  43  25:37  Mutalisk x5  
  39  26:46  Mutalisk x4  
  39  26:47  Mutalisk x3  
  53  27:33  Mutalisk x2  
  53  27:34  Mutalisk  
  59  28:01  Mutalisk  
  59  28:02  Mutalisk  
  61  29:28  Mutalisk  
  61  29:29  Mutalisk x3  
  69  29:30  Overlord  
  69  29:31  Overlord  
  69  29:58  Mutalisk  
  69  29:59  Mutalisk  
Tags
 
Matchup
Co-op
Replay Pack
Multiplayer
Add a new tag
Caveats
  • Supply blocks, unpowered buildings, or Contaminate may cause inaccurate times.
  • Supply counts are checked every 10 seconds.